| TOP OF THE 1ST |
|
Philadelphia Phillies batting - Pitching for St. Louis Cardinals : RHP Geoff Mooney
|
|
Pitching: RHP Geoff Mooney
|
|
|
Batting: LHB Nick Canizales
|
0-0: Called Strike 0-1: Foul Ball, location: 2F 0-2: Ball 1-2: Ball 2-2: Ground out 4-3 (Groundball, 4, EV 89.4 MPH)
|
|
Batting: SHB Danny Silvers
|
0-0: Ball 1-0: Ball 2-0: Foul Ball, location: 2F 2-1: Foul Ball, location: 2F 2-2: Foul Ball, location: 2F 2-2: Foul Ball, location: 2F 2-2: SINGLE (Groundball, 3S, EV 68.1 MPH) (infield hit)
|
|
Batting: LHB Rich Sullivan
|
0-0: Ball Danny Silvers steals 2nd, throwing error, E2 Danny Silvers to third 1-0: 2-RUN HOME RUN (Flyball, 89XD, EV 106.2 MPH), Distance : 444 ft
|
|
Batting: LHB Alberto Figueroa
|
0-0: Foul Ball, location: 2F 0-1: Foul Ball, location: 2F 0-2: Ball 1-2: Ball 2-2: SINGLE (Line Drive, 78S, EV 108.8 MPH)
|
|
Batting: LHB Jeff Luvisi
|
0-0: Ball 1-0: Called Strike 1-1: Foul Ball, location: 2F 1-2: Strikes out swinging
|
|
Batting: LHB Eric Katz
|
0-0: Ball 1-0: Ball Alberto Figueroa steals 2nd base 2-0: Ball 3-0: Called Strike 3-1: Fly out, F4 (Popup, 23, EV 86.2 MPH)
|
| Top of the 1st over - 2 runs, 3 hits, 1 error, 1 left on base; Philadelphia 2 - St. Louis 0 |
| BOTTOM OF THE 1ST |
|
St. Louis Cardinals batting - Pitching for Philadelphia Phillies : RHP Brandon Tuckson
|
|
Pitching: RHP Brandon Tuckson
|
|
|
Batting: LHB Tommy Luce
|
0-0: Called Strike 0-1: Ball 1-1: Ground out U3 (Groundball, 3, EV 101.2 MPH)
|
|
Batting: LHB Tom Butterbaugh
|
0-0: Ball 1-0: Called Strike 1-1: Swinging Strike 1-2: Foul Ball, location: 2F 1-2: Ball 2-2: Ground out 6-3 (Groundball, 6, EV 82.5 MPH)
|
|
Batting: SHB Antoine Roux
|
0-0: Swinging Strike 0-1: Called Strike 0-2: Foul Ball, location: 2F 0-2: Ball 1-2: Ball 2-2: Ball 3-2: Ground out U3 (Groundball, 34, EV 100.6 MPH)
|
| Bottom of the 1st over - 0 runs, 0 hits, 0 errors, 0 left on base; Philadelphia 2 - St. Louis 0 |
| TOP OF THE 2ND |
|
Philadelphia Phillies batting - Pitching for St. Louis Cardinals : RHP Geoff Mooney
|
|
Batting: RHB Bill O'Neal
|
0-0: Called Strike 0-1: Ball 1-1: Ground out 4-3 (Groundball, 4S, EV 69.4 MPH)
|
|
Batting: SHB Rafael Vazquez
|
0-0: Foul Ball, location: 2F 0-1: Ball 1-1: Fly out, F5 (Popup, 25F, EV 93.8 MPH)
|
|
Batting: SHB Patrick Kimmel
|
0-0: Ball 1-0: Ball 2-0: Ground out U3 (Groundball, 34, EV 86.2 MPH)
|
| Top of the 2nd over - 0 runs, 0 hits, 0 errors, 0 left on base; Philadelphia 2 - St. Louis 0 |
| BOTTOM OF THE 2ND |
|
St. Louis Cardinals batting - Pitching for Philadelphia Phillies : RHP Brandon Tuckson
|
|
Batting: LHB John Blair
|
0-0: Called Strike 0-1: Ball 1-1: Fly out, F3 (Popup, 34, EV 70.6 MPH)
|
|
Batting: RHB Pavpv Ivanushkin
|
0-0: Ball 1-0: SINGLE (Groundball, 56D, EV 108.8 MPH)
|
|
Batting: RHB Nick Gentzel
|
0-0: Called Strike 0-1: Called Strike Pavpv Ivanushkin steals 2nd, throwing error, E2 Pavpv Ivanushkin to third 0-2: SINGLE (Groundball, 6M, EV 100.0 MPH) (infield hit) Pavpv Ivanushkin scores
|
|
Batting: RHB Francisco Hernandez
|
0-0: Called Strike 0-1: Ball 1-1: Ground out 6-3 (Groundball, 6MS, EV 67.5 MPH) Nick Gentzel to second
|
|
Batting: RHB Sergio Godinez
|
0-0: Ground out U3 (Groundball, 34, EV 84.4 MPH)
|
| Bottom of the 2nd over - 1 run, 2 hits, 1 error, 1 left on base; Philadelphia 2 - St. Louis 1 |
| TOP OF THE 3RD |
|
Philadelphia Phillies batting - Pitching for St. Louis Cardinals : RHP Geoff Mooney
|
|
Batting: LHB Nick Canizales
|
0-0: DOUBLE (Line Drive, 3D, EV 98.8 MPH)
|
|
Batting: SHB Danny Silvers
|
0-0: Called Strike 0-1: Ball 1-1: Called Strike 1-2: Foul Ball, location: 2F 1-2: Ball 2-2: Foul Ball, location: 2F 2-2: Ground out U3 (Groundball, 3, EV 100.0 MPH) Nick Canizales to third
|
|
Batting: LHB Rich Sullivan
|
0-0: Ground out 5-3 (Groundball, 56, EV 102.5 MPH) Nick Canizales scores
|
|
Batting: LHB Alberto Figueroa
|
0-0: Called Strike 0-1: Swinging Strike 0-2: Ball 1-2: Ball 2-2: Ball 3-2: DOUBLE (Flyball, 78D, EV 95.0 MPH)
|
|
Batting: LHB Jeff Luvisi
|
0-0: Ball 1-0: Swinging Strike 1-1: Swinging Strike 1-2: Strikes out swinging
|
| Top of the 3rd over - 1 run, 2 hits, 0 errors, 1 left on base; Philadelphia 3 - St. Louis 1 |
| BOTTOM OF THE 3RD |
|
St. Louis Cardinals batting - Pitching for Philadelphia Phillies : RHP Brandon Tuckson
|
|
Batting: RHB Rick O'Reilly
|
0-0: Swinging Strike 0-1: Ball 1-1: Ball 2-1: Ball 3-1: Base on Balls
|
|
Batting: LHB Tommy Luce
|
0-0: Ball 1-0: Foul Ball, location: 2F 1-1: Swinging Strike 1-2: Foul Ball, location: 2F 1-2: SINGLE (Groundball, 3, EV 88.8 MPH) (infield hit) Rick O'Reilly to second
|
|
Batting: LHB Tom Butterbaugh
|
0-0: Fielders Choice at 2nd, 4-6 (Groundball, 4MD, EV 85.0 MPH) Rick O'Reilly to third
|
|
Batting: SHB Antoine Roux
|
0-0: Ball 1-0: Ball 2-0: Ball 3-0: Base on Balls Tom Butterbaugh to second
|
|
Batting: LHB John Blair
|
0-0: Called Strike 0-1: Ball 1-1: Ball 2-1: Called Strike 2-2: Ball 3-2: Foul Ball, location: 2F 3-2: Fly out, F7 (Line Drive, 7D, EV 84.4 MPH) Runner from 3rd tags up, SCORES, no throw by LF Tom Butterbaugh to third
|
|
Batting: RHB Pavpv Ivanushkin
|
0-0: Ball 1-0: Called Strike 1-1: Foul Ball, location: 2F 1-2: Strikes out looking
|
| Bottom of the 3rd over - 1 run, 1 hit, 0 errors, 2 left on base; Philadelphia 3 - St. Louis 2 |
| TOP OF THE 4TH |
|
Philadelphia Phillies batting - Pitching for St. Louis Cardinals : RHP Geoff Mooney
|
|
Batting: LHB Eric Katz
|
0-0: Ball 1-0: Ground out U3 (Groundball, 3, EV 88.1 MPH)
|
|
Batting: RHB Bill O'Neal
|
0-0: Ground out 5-3 (Groundball, 5, EV 88.1 MPH)
|
|
Batting: SHB Rafael Vazquez
|
0-0: Ball 1-0: Ground out 5-3 (Groundball, 15, EV 93.8 MPH)
|
| Top of the 4th over - 0 runs, 0 hits, 0 errors, 0 left on base; Philadelphia 3 - St. Louis 2 |
| BOTTOM OF THE 4TH |
|
St. Louis Cardinals batting - Pitching for Philadelphia Phillies : RHP Brandon Tuckson
|
|
Batting: RHB Nick Gentzel
|
0-0: Ball 1-0: Called Strike 1-1: Swinging Strike 1-2: Ball 2-2: Foul Ball, location: 2F 2-2: Ball 3-2: Ground out 6-3 (Groundball, 6M, EV 106.9 MPH)
|
|
Batting: RHB Francisco Hernandez
|
0-0: Ball 1-0: Foul Ball, location: 2F 1-1: Ground out 6-3 (Groundball, 6, EV 108.1 MPH)
|
|
Batting: RHB Sergio Godinez
|
0-0: Foul Ball, location: 2F 0-1: Foul Ball, location: 2F 0-2: Ground out 5-3 (Groundball, 56, EV 83.8 MPH)
|
| Bottom of the 4th over - 0 runs, 0 hits, 0 errors, 0 left on base; Philadelphia 3 - St. Louis 2 |
| TOP OF THE 5TH |
|
Philadelphia Phillies batting - Pitching for St. Louis Cardinals : RHP Geoff Mooney
|
|
Pitching: RHP Steve Barnett
|
|
|
Batting: SHB Patrick Kimmel
|
0-0: Ball 1-0: Called Strike 1-1: Fly out, F9 (Line Drive, 9, EV 87.5 MPH)
|
|
Batting: LHB Nick Canizales
|
0-0: Ball 1-0: Ball 2-0: Called Strike 2-1: Ball 3-1: Fly out, F4 (Line Drive, 34, EV 94.4 MPH)
|
|
Batting: SHB Danny Silvers
|
0-0: Ball 1-0: Foul Ball, location: 2F 1-1: Foul Ball, location: 2F 1-2: Ball 2-2: Ball 3-2: Foul Ball, location: 2F 3-2: Foul Ball, location: 2F 3-2: DOUBLE (Line Drive, 7LS, EV 100.0 MPH)
|
|
Batting: LHB Rich Sullivan
|
0-0: Called Strike 0-1: Called Strike 0-2: Fly out, F7 (Flyball, 7LS, EV 86.2 MPH)
|
| Top of the 5th over - 0 runs, 1 hit, 0 errors, 1 left on base; Philadelphia 3 - St. Louis 2 |
| BOTTOM OF THE 5TH |
|
St. Louis Cardinals batting - Pitching for Philadelphia Phillies : RHP Brandon Tuckson
|
|
Pitching: RHP Mike Kamm
|
|
|
Batting: RHB Rick O'Reilly
|
0-0: Ball 1-0: Ball 2-0: Called Strike 2-1: Ball 3-1: Ball
|
|
Batting: LHB Tommy Luce
|
0-0: Ball 1-0: Called Strike 1-1: Ball 2-1: Ball 3-1: Base on Balls Rick O'Reilly to second
|
|
Batting: LHB Tom Butterbaugh
|
0-0: Ball 1-0: Ball 2-0: Called Strike 2-1: Ball 3-1: Called Strike 3-2: Foul Ball, location: 2F 3-2: SINGLE (Groundball, 4MD, EV 105.6 MPH) Rick O'Reilly to third Tommy Luce to second Runner from 3rd tries for Home, SAFE, throw by CF to home
|
|
Batting: SHB Antoine Roux
|
0-0: Ball 1-0: Ball 2-0: Grounds into double play, 6-4-3 (Groundball, 6, EV 84.4 MPH) Tommy Luce to third
|
|
Batting: LHB John Blair
|
0-0: Called Strike 0-1: Ball 1-1: Foul Ball, location: 2F 1-2: Fly out, F8 (Flyball, 8LD, EV 91.9 MPH)
|
| Bottom of the 5th over - 1 run, 1 hit, 0 errors, 1 left on base; Philadelphia 3 - St. Louis 3 |
| TOP OF THE 6TH |
|
Philadelphia Phillies batting - Pitching for St. Louis Cardinals : RHP Steve Barnett
|
|
Batting: LHB Alberto Figueroa
|
0-0: Ball 1-0: Ground out 4-3 (Groundball, 4, EV 86.2 MPH)
|
|
Batting: LHB Jeff Luvisi
|
0-0: Swinging Strike 0-1: SINGLE (Line Drive, 89S, EV 90.0 MPH)
|
|
Batting: LHB Eric Katz
|
0-0: Ball 1-0: Fly out, F9 (Line Drive, 9D, EV 91.9 MPH)
|
|
Batting: RHB Bill O'Neal
|
0-0: Ball 1-0: Called Strike 1-1: Ball 2-1: Foul Ball, location: 2F 2-2: Strikes out swinging
|
| Top of the 6th over - 0 runs, 1 hit, 0 errors, 1 left on base; Philadelphia 3 - St. Louis 3 |
| BOTTOM OF THE 6TH |
|
St. Louis Cardinals batting - Pitching for Philadelphia Phillies : RHP Mike Kamm
|
|
Batting: RHB Pavpv Ivanushkin
|
0-0: Called Strike 0-1: Called Strike 0-2: Foul Ball, location: 2F 0-2: Ball 1-2: Ball 2-2: Foul Ball, location: 2F 2-2: SINGLE (Flyball, 8LS, EV 95.6 MPH)
|
|
Batting: RHB Nick Gentzel
|
0-0: Swinging Strike 0-1: Ball 1-1: Ball 2-1: Foul Ball, location: 2F 2-2: Ball 3-2: Fly out, F6 (Flyball, 6D, EV 86.9 MPH)
|
|
Pinch Hitting: LHB Ben Rubenacker
|
0-0: Called Strike 0-1: SINGLE (Groundball, 6MD, EV 105.0 MPH) Pavpv Ivanushkin to second Runner from 2nd tries for 3rd, SAFE, throw by CF made to third
|
|
Batting: RHB Sergio Godinez
|
0-0: Called Strike 0-1: Ball 1-1: Ball 2-1: Foul Ball, location: 2F 2-2: Ground out 6-3 (Groundball, 6S, EV 67.5 MPH) Pavpv Ivanushkin scores Ben Rubenacker to second
|
|
Batting: RHB Rick O'Reilly
|
0-0: Called Strike 0-1: Swinging Strike 0-2: Strikes out swinging
|
| Bottom of the 6th over - 1 run, 2 hits, 0 errors, 1 left on base; Philadelphia 3 - St. Louis 4 |
| TOP OF THE 7TH |
|
Philadelphia Phillies batting - Pitching for St. Louis Cardinals : RHP Steve Barnett
|
|
Pitching: RHP Josh Ambrose
|
|
|
Now in LF: Zack Berney
|
|
|
Batting: SHB Rafael Vazquez
|
0-0: Called Strike 0-1: Ball 1-1: Ball 2-1: Ball 3-1: Fly out, F7 (Flyball, 78D, EV 95.0 MPH)
|
|
Batting: SHB Patrick Kimmel
|
0-0: Called Strike 0-1: Called Strike 0-2: Strikes out swinging
|
|
Pinch Hitting: RHB Luis Arce
|
0-0: Ball 1-0: SINGLE (Groundball, 34D, EV 96.9 MPH)
|
|
Pinch Hitting: RHB Raul de la Cruz
|
0-0: Ball Luis Arce steals 2nd base 1-0: Ball 2-0: Ball 3-0: Called Strike 3-1: Base on Balls
|
|
Batting: LHB Ryan Trombley
|
0-0: Ball 1-0: SINGLE (Line Drive, 78M, EV 103.1 MPH) Luis Arce to third Raul de la Cruz to second Runner from 3rd tries for Home, SAFE, throw by CF to home
|
|
Now in CF: Travis Leonard
|
|
|
Pinch Hitting: RHB Ji-an Li
|
0-0: Ball 1-0: Ball 2-0: Ground out 3-1 (Groundball, 13, EV 90.0 MPH)
|
| Top of the 7th over - 1 run, 2 hits, 0 errors, 2 left on base; Philadelphia 4 - St. Louis 4 |
| BOTTOM OF THE 7TH |
|
St. Louis Cardinals batting - Pitching for Philadelphia Phillies : RHP Mike Kamm
|
|
Pitching: LHP Josh Turner
|
|
|
Now at 1B: Raul de la Cruz
|
|
|
Now at 2B: Luis Arce
|
|
|
Now in LF: Ji-an Li
|
|
|
Batting: RHB Nick Getz
|
0-0: Called Strike 0-1: Ball 1-1: Swinging Strike 1-2: Foul Ball, location: 2F 1-2: Foul Ball, location: 2F 1-2: Fly out, F8 (Flyball, 8RM, EV 80.6 MPH)
|
|
Pinch Hitting: RHB Dustin Clark
|
0-0: Swinging Strike 0-1: Ball 1-1: Swinging Strike 1-2: Ball 2-2: Strikes out swinging
|
|
Pinch Hitting: SHB Luke Robbins
|
0-0: Foul Ball, location: 2F 0-1: Ball 1-1: SINGLE (Groundball, 6M, EV 104.4 MPH) (infield hit)
|
|
Pinch Hitting: LHB Tim Olsen
|
0-0: Called Strike Luke Robbins steals 2nd base (no throw) 0-1: Swinging Strike 0-2: 2-RUN HOME RUN (Flyball, 9D, EV 95.0 MPH), Distance : 365 ft
|
|
Pinch Hitting: RHB Eric Chotkowski
|
0-0: Ball 1-0: Called Strike 1-1: Ball 2-1: Swinging Strike 2-2: Ball 3-2: Base on Balls
|
|
Batting: RHB Travis Leonard
|
0-0: Ball 1-0: Ball 2-0: Called Strike 2-1: Foul Ball, location: 2F 2-2: Strikes out swinging
|
| Bottom of the 7th over - 2 runs, 2 hits, 0 errors, 1 left on base; Philadelphia 4 - St. Louis 6 |
| TOP OF THE 8TH |
|
Philadelphia Phillies batting - Pitching for St. Louis Cardinals : RHP Josh Ambrose
|
|
Now at 2B: Luke Robbins
|
|
|
Now at 3B: Eric Chotkowski
|
|
|
Now at SS: Dustin Clark
|
|
|
Now in LF: Tim Olsen
|
|
|
Now in RF: Zack Berney
|
|
|
Pinch Hitting: RHB Matt Sanders
|
0-0: Ball 1-0: Foul Ball, location: 2F 1-1: Called Strike 1-2: Strikes out swinging
|
|
Batting: LHB Eric Katz
|
0-0: Called Strike 0-1: Ball 1-1: Foul Ball, location: 2F 1-2: Ball 2-2: Ball 3-2: Base on Balls
|
|
Pinch Hitting: RHB Mitch Boyd
|
0-0: Ball 1-0: Ball 2-0: Foul Ball, location: 2F 2-1: Called Strike 2-2: Ball 3-2: Strikes out looking
|
|
Batting: SHB Rafael Vazquez
|
0-0: Foul Ball, location: 2F 0-1: Ball 1-1: Ball 2-1: Foul Ball, location: 2F 2-2: Strikes out swinging
|
| Top of the 8th over - 0 runs, 0 hits, 0 errors, 1 left on base; Philadelphia 4 - St. Louis 6 |
| BOTTOM OF THE 8TH |
|
St. Louis Cardinals batting - Pitching for Philadelphia Phillies : LHP Josh Turner
|
|
Pitching: LHP Steve Pratt
|
|
|
Now at 2B: Mitch Boyd
|
|
|
Now at 3B: Luis Arce
|
|
|
Now in RF: Matt Sanders
|
|
|
Batting: LHB Zack Berney
|
0-0: Called Strike 0-1: Ball 1-1: Ball 2-1: Called Strike 2-2: Strikes out looking
|
|
Batting: RHB Sergio Godinez
|
0-0: Foul Ball, location: 2F 0-1: Swinging Strike 0-2: Fly out, F4 (Popup, 4M, EV 67.5 MPH)
|
|
Batting: RHB Rick O'Reilly
|
0-0: Foul Ball, location: 2F 0-1: Foul Ball, location: 2F 0-2: Ball 1-2: Foul Ball, location: 2F 1-2: Strikes out swinging
|
| Bottom of the 8th over - 0 runs, 0 hits, 0 errors, 0 left on base; Philadelphia 4 - St. Louis 6 |
| TOP OF THE 9TH |
|
Philadelphia Phillies batting - Pitching for St. Louis Cardinals : RHP Josh Ambrose
|
|
Pitching: RHP Brian Sanderson
|
|
|
Now at 1B: Mark Cahill
|
|
|
Batting: SHB Patrick Kimmel
|
0-0: Ball 1-0: Swinging Strike 1-1: Foul Ball, location: 2F 1-2: Foul Ball, location: 2F 1-2: Foul Ball, location: 2F 1-2: Ball 2-2: Strikes out swinging
|
|
Pitching: RHP Josh Sabatino
|
|
|
Batting: RHB Luis Arce
|
0-0: Ball 1-0: Ball 2-0: Ball 3-0: Swinging Strike 3-1: Base on Balls
|
|
Batting: RHB Raul de la Cruz
|
0-0: Ball 1-0: Ball 2-0: Called Strike 2-1: Called Strike 2-2: Ball Wild Pitch! Luis Arce to second 3-2: Fly out, F8 (Line Drive, 8RM, EV 91.9 MPH)
|
|
Batting: LHB Ryan Trombley
|
0-0: Swinging Strike 0-1: Fly out, F8 (Line Drive, 8RD, EV 94.4 MPH)
|
| Top of the 9th over - 0 runs, 0 hits, 0 errors, 1 left on base; Philadelphia 4 - St. Louis 6 |
|